Map: Ruins of Seras

Players

TokiSada - Winner!

  • Race: Protoss Protoss
  • League: Diamond

ILLBdA

  • Race: Protoss Protoss
  • League: Diamond

VOD

Have the link to the VOD?

Description

Time

  • Played on: Dec. 19, 2015, 7:05 a.m.
  • Length: 17:40
Show
View Real Time Build Order
Export as new Build Order

TokiSada Protoss - Winner!

Build Orders: 1 Gate Expand, Phoenix Opening 

Get SALT Encoding   

  12  0:01  Probe (Chrono Boost)  
  13  0:11  Probe (Chrono Boost)  
  14  0:20  Pylon  
  14  0:22  Probe (Chrono Boost)  
  15  0:38  Probe (Chrono Boost)  
  15  0:41  Gateway  
  15  0:42  Assimilator  
  16  0:49  Probe (Chrono Boost)  
  17  0:59  Probe (Chrono Boost)  
  18  1:10  Probe (Chrono Boost)  
  19  1:20  Probe (Chrono Boost)  
  19  1:24  Nexus  
  20  1:35  Cybernetics Core  
  20  1:40  Assimilator  
  20  1:42  Probe (Chrono Boost)  
  21  1:51  Pylon  
  21  1:53  Probe (Chrono Boost)  
  22  2:04  Probe (Chrono Boost)  
  25  2:15  Mothership Core (Chrono Boost)  
  25  2:17  Adept (Chrono Boost)  
  25  2:22  Warp Gate  
  27  2:23  Gateway  
  27  2:33  Probe (Chrono Boost)  
  28  2:39  Probe (Chrono Boost)  
  29  2:44  Adept (Chrono Boost)  
  29  2:49  Probe  
  29  2:50  Probe  
  33  3:01  Probe x2  
  33  3:04  Stargate  
  35  3:11  Probe  
  35  3:13  Probe  
  37  3:22  Probe  
  37  3:26  Probe  
  39  3:29  Stalker x2 (Chrono Boost)  
  42  3:34  Probe  
  42  3:38  Probe  
  42  3:39  Pylon  
  44  3:46  Probe  
  45  3:53  Pylon  
  45  3:57  Probe, Phoenix (Chrono Boost)  
  45  4:00  Probe  
  49  4:21  Probe  
  50  4:29  Probe  
  47  4:31  Assimilator  
  47  4:32  Phoenix (Chrono Boost)  
  47  4:35  Probe (Chrono Boost), Assimilator  
  50  4:40  Gateway  
  50  4:41  Gateway, Robotics Facility  
  50  4:44  Probe (Chrono Boost)  
  51  4:47  Probe (Chrono Boost)  
  51  4:48  Pylon  
  52  4:53  Pylon  
  52  4:55  Probe (Chrono Boost)  
  52  4:59  Phoenix (Chrono Boost)  
  55  5:02  Stalker  
  55  5:03  Stalker  
  55  5:04  Probe (Chrono Boost)  
  55  5:05  Probe (Chrono Boost)  
  61  5:10  Pylon  
  61  5:14  Probe  
  61  5:15  Forge  
  61  5:16  Probe  
  61  5:17  Twilight Council  
  63  5:22  Phoenix (Chrono Boost)  
  65  5:29  Observer  
  66  5:35  Pylon  
  66  5:39  Pylon  
  66  5:43  Pylon x2, Phoenix (Chrono Boost)  
  66  5:49  Protoss Ground Weapons Level 1 (Chrono Boost)  
  68  5:51  Observer  
  68  5:52  Zealot  
  71  6:03  Blink (Chrono Boost)  
  71  6:13  Phoenix  
  73  6:23  Stargate  
  73  6:27  Probe  
  74  6:35  Photon Cannon  
  74  6:37  Photon Cannon  
  74  6:38  Stalker  
  74  6:39  Stalker x2  
  79  6:40  Stalker  
  79  6:43  Phoenix (Chrono Boost)  
  83  6:54  Photon Cannon  
  83  6:56  Photon Cannon  
  83  6:58  Photon Cannon  
  83  7:06  Phoenix (Chrono Boost)  
  85  7:08  Phoenix (Chrono Boost)  
  87  7:27  Nexus  
  87  7:28  Pylon, Phoenix (Chrono Boost)  
  89  7:30  Phoenix (Chrono Boost)  
  91  7:51  Phoenix (Chrono Boost)  
  89  7:52  Phoenix (Chrono Boost)  
  89  7:54  Probe  
  89  7:57  Probe, Pylon  
  93  7:59  Gateway  
  93  8:00  Assimilator  
  93  8:02  Assimilator  
  93  8:03  Gateway  
  93  8:04  Gateway  
  93  8:08  Protoss Air Weapons Level 1  
  93  8:13  Probe  
  93  8:15  Fleet Beacon  
  94  8:20  Phoenix (Chrono Boost)  
  94  8:26  Probe  
  97  8:31  Pylon  
  97  8:35  Probe  
  97  8:39  Probe, Photon Cannon  
  97  8:40  Photon Cannon  
  99  8:47  Probe  
  100  8:51  Probe  
  100  8:52  Probe  
  100  8:53  Phoenix (Chrono Boost)  
  104  8:56  Phoenix (Chrono Boost)  
  104  8:59  Probe  
  107  9:03  Probe  
  107  9:04  Anion Pulse-Crystals (Chrono Boost)  
  107  9:09  Probe  
  109  9:11  Probe  
  109  9:15  Probe  
  111  9:19  Phoenix x2  
  111  9:23  Pylon  
  115  9:30  Zealot x2  
  119  9:35  Gateway  
  119  9:37  Gateway  
  118  9:47  Phoenix x2  
  118  9:48  Templar Archives  
  122  9:54  Zealot x2  
  126  10:03  Protoss Ground Weapons Level 2  
  126  10:10  Nexus  
  126  10:16  Pylon  
  126  10:17  Phoenix x2  
  124  10:46  Phoenix x2  
  110  11:00  High Templar x4  
  110  11:01  High Templar  
  110  11:02  Probe  
  121  11:05  Assimilator  
  121  11:08  Phoenix x2  
  121  11:10  Assimilator  
  121  11:12  Photon Cannon  
  121  11:13  Protoss Air Weapons Level 2 (Chrono Boost), Photon Cannon  
  121  11:14  Archon x2  
  121  11:15  Zealot x2  
  121  11:16  Photon Cannon  
  129  11:26  Gateway  
  129  11:27  Probe  
  129  11:28  Probe x3  
  129  11:30  Gateway  
  129  11:32  Phoenix x2  
  133  11:37  High Templar  
  133  11:38  Zealot  
  141  11:40  Probe  
  142  11:51  High Templar  
  142  11:52  High Templar  
  142  11:53  Archon  
  146  11:56  Zealot x4  
  146  11:57  Zealot  
  146  11:58  Archon  
  156  12:04  Probe x2  
  156  12:06  Charge  
  158  12:14  Protoss Ground Weapons Level 3 (Chrono Boost)  
  158  12:15  Phoenix  
  158  12:16  Phoenix  
  156  12:37  Phoenix  
  156  12:41  Phoenix  
  160  12:48  High Templar  
  160  12:49  High Templar  
  160  12:50  Zealot x7  
  160  12:51  Zealot  
  180  12:52  Archon  
  180  13:04  Protoss Air Armor Level 1 (Chrono Boost), Stargate  
  180  13:07  Nexus  
  180  13:25  High Templar  
  180  13:26  High Templar  
  184  13:27  High Templar  
  184  13:28  High Templar  
  184  13:30  Archon  
  184  13:32  Pylon  
  184  13:34  Pylon  
  188  13:42  Archon  
  188  13:50  Warp Prism (Chrono Boost)  
  190  14:07  Pylon  
  190  14:10  Photon Cannon x2  
  190  14:13  Assimilator  
  196  14:17  Tempest x2, Assimilator  
  196  14:19  Pylon  
  190  15:08  Zealot x4  
  190  15:12  Tempest (Chrono Boost)  
  190  15:13  Tempest x2 (Chrono Boost)  
  174  15:18  Zealot x5  
  180  15:26  Zealot  
  162  15:55  Tempest x3 (Chrono Boost)  
  174  16:02  Immortal  
  178  16:10  Photon Cannon x2  
  176  16:22  High Templar  
  176  16:23  High Templar x3  
  176  16:24  High Templar x2  
  176  16:25  High Templar x2  
  188  16:26  Zealot x2  
  188  16:28  Archon x3  
  188  16:29  Archon  
  194  16:32  Tempest (Chrono Boost)  
  194  16:33  Tempest (Chrono Boost)  
  193  16:46  Observer  
  178  16:56  Zealot x4  
  178  16:57  Zealot  
  168  17:06  Zealot x5  
  138  17:30  Stalker x3  
  138  17:31  Stalker  
Show
View Real Time Build Order
Export as new Build Order

ILLBdA Protoss 

Build Orders: Nexus First, Phoenix Opening, Zealot Archon 

Get SALT Encoding   

  12  0:01  Probe (Chrono Boost)  
  13  0:11  Probe (Chrono Boost)  
  14  0:19  Pylon  
  14  0:22  Probe (Chrono Boost)  
  15  0:37  Probe (Chrono Boost)  
  16  0:48  Probe (Chrono Boost)  
  17  0:58  Nexus  
  17  1:10  Gateway  
  17  1:13  Probe (Chrono Boost)  
  18  1:20  Assimilator  
  18  1:25  Assimilator  
  18  1:26  Probe (Chrono Boost)  
  19  1:36  Pylon  
  19  1:42  Probe (Chrono Boost)  
  20  1:53  Probe (Chrono Boost)  
  21  1:59  Cybernetics Core  
  21  2:04  Zealot  
  21  2:06  Probe (Chrono Boost)  
  24  2:12  Probe (Chrono Boost)  
  25  2:17  Probe (Chrono Boost)  
  27  2:23  Probe (Chrono Boost)  
  27  2:27  Probe (Chrono Boost)  
  28  2:37  Warp Gate  
  28  2:39  Stargate  
  28  2:41  Probe  
  29  2:47  Probe  
  32  2:51  Adept (Chrono Boost)  
  32  2:52  Assimilator  
  32  3:00  Probe  
  33  3:09  Probe  
  34  3:22  Phoenix (Chrono Boost)  
  36  3:29  Probe  
  36  3:31  Gateway  
  36  3:33  Gateway  
  37  3:35  Pylon  
  37  3:37  Robotics Facility  
  37  3:41  Stalker  
  39  3:49  Phoenix (Chrono Boost)  
  41  4:02  Probe, Assimilator  
  43  4:03  Mothership Core  
  44  4:12  Probe  
  42  4:31  Probe  
  42  4:32  Probe  
  42  4:34  Phoenix (Chrono Boost)  
  42  4:35  Observer (Chrono Boost)  
  47  4:43  Stargate  
  47  4:44  Pylon  
  47  4:47  Probe  
  47  4:50  Probe  
  49  4:59  Probe  
  50  5:00  Probe  
  50  5:05  Phoenix  
  53  5:11  Probe x2  
  55  5:24  Probe  
  55  5:27  Pylon  
  57  5:29  Phoenix (Chrono Boost)  
  57  5:30  Phoenix (Chrono Boost)  
  60  5:45  Immortal  
  66  5:57  Phoenix x2 (Chrono Boost)  
  68  6:05  Pylon  
  68  6:06  Pylon  
  68  6:17  Probe  
  69  6:22  Twilight Council  
  69  6:24  Phoenix (Chrono Boost)  
  75  6:29  Probe  
  76  6:39  Probe  
  77  6:45  Probe  
  78  6:52  Forge  
  78  6:55  Probe  
  78  6:57  Phoenix x2 (Chrono Boost)  
  83  7:04  Templar Archives  
  83  7:07  Pylon  
  79  7:17  Probe  
  79  7:18  Phoenix (Chrono Boost)  
  82  7:27  Probe  
  82  7:29  Photon Cannon  
  83  7:30  Probe  
  83  7:32  Photon Cannon  
  83  7:35  Pylon  
  84  7:37  Nexus  
  84  7:39  Probe, Pylon  
  84  7:40  High Templar x2  
  89  7:50  Archon  
  87  7:51  Phoenix (Chrono Boost)  
  87  7:53  Phoenix (Chrono Boost)  
  87  7:56  Probe  
  87  7:57  Probe  
  93  8:00  Protoss Ground Weapons Level 1 (Chrono Boost), Photon Cannon  
  93  8:12  Pylon  
  93  8:16  Gateway  
  93  8:18  Gateway  
  93  8:22  Phoenix  
  93  8:26  Phoenix  
  97  8:35  Pylon  
  97  8:39  Fleet Beacon  
  98  8:48  Probe  
  98  8:58  Probe  
  99  9:07  Probe  
  99  9:09  Dark Shrine  
  100  9:11  Probe, Photon Cannon  
  100  9:14  Photon Cannon  
  101  9:18  Zealot  
  101  9:23  Pylon x2  
  101  9:24  Tempest, Pylon  
  103  9:29  Tempest  
  111  9:35  Assimilator  
  111  9:36  Assimilator  
  111  9:44  Adept x3  
  117  10:01  Tempest  
  119  10:12  Tempest, Zealot x3  
  119  10:13  Zealot  
  131  10:17  Pylon  
  131  10:20  Photon Cannon  
  131  10:23  Probe x2, Pylon  
  131  10:27  High Templar  
  135  10:33  Protoss Ground Weapons Level 2 (Chrono Boost), High Templar  
  137  10:39  Tempest  
  127  10:44  Archon  
  123  10:54  Stalker x2  
  123  10:55  Stalker  
  129  10:59  Probe  
  130  11:09  Photon Cannon  
  130  11:10  Photon Cannon  
  130  11:12  High Templar x2  
  130  11:17  Archon  
  134  11:25  Charge  
  134  11:27  Zealot x2  
  138  11:33  Gateway x2  
  138  11:35  Tempest  
  138  11:36  Gateway  
  138  11:39  Zealot  
  144  11:50  Tempest  
  148  12:04  Nexus  
  148  12:09  Pylon  
  148  12:12  High Templar x2  
  148  12:13  Photon Cannon  
  152  12:16  Archon  
  141  12:41  High Templar x2  
  145  12:45  Archon  
  145  12:47  Tempest (Chrono Boost)  
  145  12:48  Probe  
  150  12:53  Zealot x6  
  162  13:06  Pylon  
  162  13:07  Pylon  
  162  13:16  Tempest (Chrono Boost)  
  172  13:29  Tempest (Chrono Boost)  
  176  13:36  Pylon  
  176  13:39  Assimilator  
  176  13:41  Assimilator  
  174  13:47  Zealot x3  
  178  13:52  High Templar x2  
  182  13:56  Archon  
  182  14:01  Zealot x3  
  188  14:08  Probe  
  189  14:11  Probe  
  189  14:15  Pylon  
  190  14:18  High Templar x3  
  190  14:22  Archon  
  196  14:37  Stargate  
  187  14:48  Mothership Core  
  180  14:53  Adept x4  
  180  14:54  Adept x2  
  190  15:01  Stargate  
  190  15:11  Adept  
  190  15:12  Adept  
  176  15:17  Zealot x3  
  176  15:18  Zealot  
  184  15:21  Zealot  
  184  15:27  Zealot  
  188  15:34  Phoenix  
  184  15:37  Phoenix  
  184  15:40  Phoenix  
  190  15:45  Phoenix  
  192  16:04  Nexus  
  192  16:15  High Templar x2  
  196  16:22  Archon  
  196  16:33  Pylon  
  194  16:52  Phoenix  
  184  16:55  Phoenix x3  
  137  17:14  Phoenix  
  103  17:27  High Templar  
  93  17:30  High Templar  
Tags
 
Add a new tag
Caveats
  • Supply blocks, unpowered buildings, or Contaminate may cause inaccurate times.
  • Supply counts are checked every 10 seconds.